Map: Lightshade LE

Players

Denver

  • Race: Zerg Zerg
  • League: Master
  • Spawn Location: 11:00

LiquidClem (Clem) - Winner!

  • Race: Terran Terran
  • League: Grandmaster
  • Spawn Location: 5:00

Event: DreamHack SC2 Masters 2020 Winter

VOD

Have the link to the VOD?

Description

Time

  • Played on: Nov. 3, 2020, 11 a.m.
  • Length: 8:48

All games in this series

Show
View Real Time Build Order
Export as new Build Order

Denver Zerg 

Build Orders: Hatch First, Muta Ling Bane 

Get SALT Encoding   

  12  0:00  Drone  
  13  0:12  Overlord  
  13  0:17  Drone  
  14  0:31  Drone x2  
  16  0:48  Hatchery  
  15  0:52  Drone  
  15  0:56  Drone  
  17  0:58  Drone  
  18  1:10  Extractor  
  17  1:13  Spawning Pool  
  17  1:17  Drone  
  17  1:20  Drone  
  18  1:29  Drone  
  19  1:39  Drone  
  20  1:50  Overlord  
  20  2:00  Queen x2  
  25  2:01  Zergling x4  
  26  2:09  Metabolic Boost  
  26  2:11  Drone  
  26  2:13  Drone  
  28  2:21  Drone  
  29  2:27  Drone  
  30  2:39  Hatchery  
  30  2:40  Drone  
  30  2:42  Drone  
  30  2:45  Drone x2  
  32  2:55  Drone x2  
  34  3:00  Extractor, Queen  
  34  3:04  Overlord  
  36  3:09  Overlord  
  36  3:19  Overlord  
  36  3:22  Drone x2  
  36  3:23  Drone x2  
  36  3:24  Queen  
  42  3:28  Overlord  
  42  3:31  Drone  
  43  3:36  Queen  
  43  3:39  Drone  
  46  3:44  Drone, Overlord  
  46  3:45  Drone  
  48  3:51  Queen  
  48  3:53  Drone  
  48  3:54  Drone  
  52  3:58  Drone x3  
  52  4:02  Baneling Nest  
  54  4:07  Drone x2  
  54  4:09  Queen  
  56  4:12  Spore Crawler  
  57  4:17  Spore Crawler  
  57  4:19  Drone, Spore Crawler  
  57  4:21  Drone  
  57  4:23  Zergling x2  
  57  4:24  Zergling x2  
  59  4:28  Lair  
  59  4:33  Zergling x2  
  59  4:34  Zergling x6  
  59  4:36  Drone  
  64  4:42  Zergling x8  
  68  4:46  Drone  
  68  4:48  Drone x2  
  68  4:49  Spore Crawler  
  70  4:54  Drone x4  
  74  5:00  Extractor  
  74  5:01  Extractor  
  74  5:06  Drone  
  74  5:07  Drone x5  
  74  5:13  Drone  
  74  5:16  Overlord  
  74  5:19  Drone x4  
  74  5:20  Extractor  
  74  5:21  Drone x3, Evolution Chamber  
  79  5:25  Evolution Chamber  
  77  5:30  Drone x4  
  81  5:37  Spire  
  81  5:38  Overseer  
  81  5:39  Extractor  
  81  5:40  Drone x3  
  81  5:42  Drone, Extractor  
  82  5:49  Drone x3  
  85  5:54  Drone x4  
  88  5:58  Drone  
  88  6:03  Zerg Melee Weapons Level 1, Zerg Ground Armor Level 1  
  88  6:04  Drone  
  90  6:05  Overlord  
  90  6:06  Overlord  
  90  6:08  Overlord  
  90  6:14  Overlord  
  90  6:15  Overlord  
  90  6:23  Centrifical Hooks  
  90  6:26  Zergling x6  
  90  6:30  Hatchery  
  92  6:33  Zergling x12  
  92  6:37  Zergling x8  
  92  6:38  Overseer  
  102  6:43  Zergling x4  
  103  6:47  Zergling x4  
  97  6:54  Zergling x8  
  97  6:55  Zergling x2  
  97  6:59  Mutalisk  
  97  7:00  Mutalisk x3  
  108  7:01  Mutalisk x2  
  108  7:04  Mutalisk  
  108  7:07  Baneling x3  
  114  7:11  Zergling x6  
  116  7:17  Baneling  
  116  7:18  Baneling x3  
  116  7:19  Zergling x4  
  118  7:24  Overlord  
  118  7:28  Zergling x8  
  122  7:31  Baneling x5  
  122  7:32  Hatchery  
  120  7:37  Mutalisk  
  120  7:38  Mutalisk  
  120  7:40  Drone x5  
  129  7:44  Mutalisk  
  129  7:47  Overlord  
  129  7:49  Drone  
  132  7:54  Zergling x10  
  132  7:55  Baneling x6  
  135  8:00  Zergling x8  
  134  8:07  Drone x6  
  134  8:12  Mutalisk  
  130  8:17  Mutalisk  
  130  8:18  Mutalisk x2  
  131  8:24  Baneling x6  
  131  8:25  Zergling x10  
Show
View Real Time Build Order
Export as new Build Order

LiquidClem Terran - Winner!

Build Orders: Reaper Expand, Hellion Banshee 

Get SALT Encoding   

  12  0:00  SCV  
  13  0:12  SCV  
  14  0:16  Supply Depot  
  14  0:24  SCV  
  15  0:38  SCV  
  15  0:39  Barracks  
  16  0:44  Refinery  
  16  0:50  SCV  
  17  1:02  SCV  
  18  1:14  SCV  
  19  1:26  Reaper  
  19  1:27  Orbital Command  
  20  1:40  Command Center  
  20  1:48  Supply Depot  
  20  1:52  SCV  
  21  1:58  Marine  
  22  2:04  SCV  
  23  2:11  Factory  
  23  2:16  Refinery  
  23  2:17  SCV  
  23  2:21  Barracks Reactor  
  24  2:29  SCV  
  25  2:41  SCV  
  26  2:53  SCV, Orbital Command  
  26  2:57  Starport  
  27  3:03  Hellion x2  
  27  3:05  SCV  
  33  3:07  Barracks Tech Lab  
  32  3:13  Supply Depot  
  32  3:17  SCV  
  32  3:19  SCV  
  34  3:24  Hellion x2  
  38  3:29  SCV  
  38  3:31  SCV  
  40  3:35  Barracks Tech Lab  
  40  3:37  Supply Depot  
  40  3:41  Cloaking Field, Banshee  
  40  3:45  SCV x2  
  40  3:48  Hellion  
  47  3:51  Hellion  
  49  3:57  SCV  
  49  3:58  SCV  
  49  3:59  Supply Depot  
  51  4:09  SCV  
  52  4:10  SCV  
  52  4:16  Command Center  
  53  4:21  SCV  
  53  4:22  SCV  
  55  4:25  Stimpack  
  55  4:26  Banshee  
  55  4:30  Marine  
  59  4:33  SCV, Factory Reactor  
  59  4:36  Barracks  
  60  4:40  Barracks  
  60  4:41  SCV  
  61  4:45  SCV  
  61  4:48  Marine  
  61  4:50  Supply Depot  
  63  4:53  SCV  
  63  4:57  Engineering Bay  
  63  4:58  SCV  
  65  5:00  Engineering Bay  
  65  5:05  SCV  
  65  5:06  Marine  
  65  5:10  SCV  
  59  5:14  Refinery  
  59  5:15  Refinery  
  59  5:18  SCV, Starport Reactor  
  60  5:26  Marine x2  
  60  5:27  Terran Infantry Armor Level 1, Terran Infantry Weapons Level 1  
  62  5:31  Orbital Command  
  62  5:32  Marine  
  62  5:34  Marine  
  62  5:35  Barracks  
  64  5:36  Barracks  
  64  5:38  Siege Tank  
  64  5:39  SCV  
  64  5:41  SCV  
  69  5:47  Marine x3  
  72  5:50  Supply Depot, Marine  
  72  5:51  SCV  
  72  5:52  Orbital Command  
  72  5:53  SCV  
  72  5:55  Marine  
  72  5:56  Medivac  
  78  5:58  Medivac  
  78  6:03  SCV  
  78  6:04  Marine  
  78  6:05  Supply Depot  
  78  6:06  SCV  
  78  6:08  Marine x2  
  82  6:12  Combat Shield  
  82  6:15  SCV  
  82  6:16  Marine  
  82  6:18  SCV x2  
  86  6:19  Marine  
  86  6:22  Marine  
  86  6:25  Siege Tank  
  91  6:27  SCV  
  91  6:28  Barracks Reactor  
  91  6:29  Barracks Reactor  
  91  6:30  SCV, Supply Depot  
  93  6:35  SCV, Supply Depot  
  93  6:38  Marine  
  93  6:39  SCV  
  96  6:40  Marine  
  96  6:41  Marine x2  
  96  6:42  SCV  
  100  6:47  SCV  
  100  6:48  Armory  
  100  6:49  Marine  
  98  6:56  Marine  
  98  6:58  Marine, Siege Tank  
  98  6:59  Marine x2  
  103  7:02  Barracks  
  103  7:03  Barracks  
  103  7:06  Marine x3, Barracks  
  103  7:08  Supply Depot, Marine x2  
  106  7:13  Medivac  
  106  7:14  Marine  
  111  7:15  Marine  
  111  7:18  Supply Depot  
  111  7:19  Medivac  
  111  7:20  Marine x2  
  111  7:22  SCV x2  
  118  7:24  Marine  
  118  7:26  Marauder  
  118  7:27  Supply Depot  
  118  7:28  Marine x2  
  118  7:29  Marine  
  124  7:32  Marine  
  124  7:33  Marine, Supply Depot  
  126  7:38  Marine x2  
  126  7:41  Marine  
  126  7:43  Medivac  
  131  7:46  Marine  
  131  7:49  Medivac  
  132  7:53  Marine  
  132  7:54  Marine x5  
  132  7:58  Missile Turret  
  136  7:59  Missile Turret  
  136  8:02  Missile Turret  
  136  8:03  Supply Depot  
  129  8:07  Marine x2  
  129  8:09  Marine x2  
  129  8:11  Marine x2  
  128  8:13  Marine  
  129  8:20  Marine  
  129  8:22  Marine x2  
  129  8:26  Marine  
  131  8:41  Command Center  
Tags
 
Add a new tag
Caveats
  • Supply blocks, unpowered buildings, or Contaminate may cause inaccurate times.
  • Supply counts are checked every 10 seconds.